 Dungeon Crawl Stone Soup version 0.29-a0-925-g0a7a3d12f8 (webtiles) character file.

Game seed: 8540630629702667747

815 IdlyInterested the Trooper (level 7, -4/59 HPs)
             Began as a Demonspawn Fighter on July 29, 2022.
             Slain by an ogre
             ... wielding a +0 giant club
              (13 damage)
             ... on level 5 of the Dungeon.
             The game lasted 00:10:10 (4114 turns).

IdlyInterested the Trooper (Demonspawn Fighter)     Turns: 4114, Time: 00:10:10

Health: -4/59      AC: 12    Str: 16    XL:     7   Next: 62%
Magic:  16/16      EV:  7    Int:  9    God:
Gold:   49         SH:  0    Dex: 15    Spells: 6/6 levels left

rFire   . . .      SeeInvis .   a - +0 war axe
rCold   . . .      Faith    .   c - +0 buckler
rNeg    . . .      Spirit   .   j - +0 chain mail
rPois   .          Reflect  .   z - +1 helmet
rElec   .          Harm     .   (no cloak)
rCorr   .          Rampage  .   (no gloves)
Will    .....                   (no boots)
Stlth   ..........              (no amulet)
HPRegen 0.19/turn               g - ring of magical power
MPRegen 0.15/turn               (no ring)

@: confused, mighty, lethally poisoned (-4 -> -7), ambrosia-drunk
A: spiny 2, sharp scales 1
a: no special abilities


You were on level 5 of the Dungeon.
You visited 1 branch of the dungeon, and saw 5 of its levels.

You collected 221 gold pieces.
You spent 172 gold pieces at shops.

Inventory:

Hand Weapons
 a - a +0 war axe (weapon)
 p - a +0 war axe
 s - a +0 flail
 y - a +0 hand axe
 F - a +0 hand axe
 G - a +2 hand axe of flaming
Armour
 b - a +0 scale mail
 c - a +0 buckler (worn)
 j - a +0 chain mail (worn)
 o - a +0 leather armour
 z - a +1 helmet (worn)
 H - a +0 kite shield
Magical Staves
 k - a staff of air
Jewellery
 g - a ring of magical power (left hand)
Wands
 t - a wand of digging (5)
Scrolls
 e - 7 scrolls of identify {unknown}
 f - 2 scrolls of blinking {unknown}
 h - a scroll of magic mapping {unknown}
 i - 2 scrolls of butterflies {unknown}
 m - 3 scrolls of teleportation {unknown}
 r - a scroll of acquirement {unknown}
 v - 3 scrolls of amnesia {unknown}
 C - a scroll of noise {unknown}
 D - a scroll of vulnerability {unknown}
 E - 2 scrolls of silence {unknown}
Potions
 l - 2 potions of curing {unknown}
 n - 2 potions of cancellation {unknown}
 q - a potion of magic {unknown}
 u - a potion of brilliance {unknown}
 w - a potion of ambrosia
 x - 2 potions of attraction {unknown}
 A - a potion of heal wounds {unknown}
 B - a potion of flight {unknown}


   Skills:
 * Level 6.8 Fighting
 + Level 4.2 Axes
 - Level 3.0 Armour
 - Level 3.0 Dodging
 - Level 2.6 Shields
 + Level 1.3 Evocations


You had 6 spell levels left.
You didn't know any spells.
Your spell library contained the following spells:

 Spells                   Type           Power      Damage    Failure   Level
 Magic Dart               Conj           0%         1d3       100%        1
 Blink                    Tloc           0%         N/A       100%        2
 Call Imp                 Summ           0%         N/A       100%        2
 Mephitic Cloud           Conj/Pois/Air  0%         N/A       100%        3
 Manifold Assault         Tloc           0%         N/A       100%        5
 Storm Form               Tmut/Air       0%         N/A       100%        7


Dungeon Overview and Level Annotations

Branches:
Dungeon (5/15)
 Temple: D:4-7

Altars:
Ashenzari
Qazlal

Shops:
D:1 *


Innate Abilities, Weirdness & Mutations

You are mostly covered in sharp spines.
You are partially covered in razor-sharp scales. (AC +1, Slay +1)


Message History

You kill the orc!
Something hits you but does no damage. The orc hits you but does no damage.
Your Evocations skill increases to level 1!
Unknown command.
The adder bites you but does no damage. The orc hits you but does no damage.
You see here a scorpion corpse.
You hit the adder.
The adder is severely wounded.
You hit something.
Reactivating autopickup.
You feel a bit more experienced. You block the adder's attack.
The orc hits you but does no damage. The adder bites you but does no damage.
The orc hits you from afar with a +0 trident!
The ogre barely misses you.
You hit the ogre.
The ogre is lightly wounded.
You hit the adder but do no damage. The adder bites you but does no damage.
The orc hits you from afar with a +0 trident.
* * * LOW HITPOINT WARNING * * *
The adder bites you.
* * * LOW HITPOINT WARNING * * *
You are poisoned.
The adder poisons you!
You barely miss the ogre.
The ogre is lightly wounded.
You barely miss the adder.
You feel sick. The ogre hits you with a +0 giant club.
* * * LOW HITPOINT WARNING * * *
You block the adder's attack. The orc barely misses you.
The adder bites you but does no damage.
You are confused.
You feel invigorated.
You feel sick. The ogre is struck by your spines.
The ogre hits you with a +0 giant club.
* * * LOW HITPOINT WARNING * * *
The orc hits you but does no damage. The adder bites you but does no damage.
You feel very mighty all of a sudden.
You feel sick. The orc barely misses you. The adder is struck by your spines.
The adder barely misses you. The ogre is struck by your spines.
The ogre hits you with a +0 giant club!
You die...

......... #.#.
.$.......##...##
...............
.............#
.............#
#............###
#.....o.SO...... ##.#
#))@..#...
##...####.)............
##......#...............####
............................
.......<....................
...................##.......
...##....#####....>#........
.. .....## #.............
.....## #............


You could see an ogre, an adder and an orc.

Vanquished Creatures
  Grinder (D:3)
  A water moccasin (D:5)
  A phantom (D:5)
  A scorpion (D:5)
  2 orc priests
  A jelly (D:4)
  An iguana (D:4)
  Terence (D:3)
  An orc wizard (D:5)
  Robin (D:3)
  7 adders
  A gnoll (D:1)
  4 worms
  A dart slug (D:4)
  10 orcs
  4 bats
  7 endoplasms
  4 giant cockroaches
  18 goblins
  11 hobgoblins
  3 jackals (D:1)
  5 quokkas
  14 ball pythons
  2 frilled lizards
  8 kobolds
  3 rats
113 creatures vanquished.

Notes
Turn   | Place    | Note
-------+----------+-------------------------------------------
     0 | D:1      | IdlyInterested the Demonspawn Fighter began the quest for
                  | the Orb.
     0 | D:1      | Reached XP level 1. HP: 18/18 MP: 1/1
   311 | D:1      | Found Cusheef's Assorted Antiques.
   388 | D:1      | Gained mutation: You are partially covered in sharp spines.
                  | [demonic ancestry]
   388 | D:1      | Reached XP level 2. HP: 24/24 MP: 2/2
   663 | D:1      | HP: 1/24 [gnoll/+0 spear (1)]
   733 | D:1      | Reached XP level 3. HP: 30/30 MP: 3/3
   998 | D:1      | Bought a green potion for 22 gold pieces
   998 | D:1      | Bought a scroll labelled NOXOLI ELEMEAT for 25 gold pieces
  1249 | D:2      | Found a faded altar of an unknown god.
  1394 | D:2      | Reached skill level 4 in Fighting
  1489 | D:2      | Gained mutation: You are mostly covered in sharp spines.
                  | [demonic ancestry]
  1489 | D:2      | Reached XP level 4. HP: 37/37 MP: 4/4
  1513 | D:2      | Reached skill level 1 in Dodging
  1964 | D:1      | Bought 3 scrolls labelled XEJECVIWKU for 75 gold pieces
  2091 | D:3      | Noticed Terence
  2099 | D:3      | Killed Terence
  2158 | D:3      | Gained mutation: You are partially covered in razor-sharp
                  | scales. (AC +1, Slay +1) [demonic ancestry]
  2158 | D:3      | Reached XP level 5. HP: 40/43 MP: 5/5
  2239 | D:3      | Noticed Grinder
  2256 | D:3      | Paralysed by Grinder for 4 turns
  2265 | D:3      | Killed Grinder
  2266 | D:3      | Reached skill level 5 in Fighting
  2266 | D:3      | Reached XP level 6. HP: 9/51 MP: 6/6
  2665 | D:3      | Found a stormy altar of Qazlal.
  2686 | D:3      | Noticed Robin
  2704 | D:3      | Killed Robin
  3370 | D:4      | Found a broken altar of Ashenzari.
  3487 | D:4      | Reached skill level 6 in Fighting
  3675 | D:1      | Bought a scroll labelled MISEKHAUGA for 25 gold pieces
  3675 | D:1      | Bought a scroll labelled MISEKHAUGA for 25 gold pieces
  3724 | D:5      | Entered Level 5 of the Dungeon
  3724 | D:5      | Noticed a water moccasin
  3732 | D:5      | Killed a water moccasin
  3733 | D:5      | Reached XP level 7. HP: 27/58 MP: 7/7
  4109 | D:5      | Reached skill level 1 in Evocations
  4114 | D:5      | Slain by an ogre

Illustrated notes

Levels and vault maps discovered:
D:1:      dpeg_arrival_connections, layout_basic, serial_shops,
          nicolae_shop_hallway_stairs
D:2:      layout_loops_ring, chequers_ecumenical_altar_simple_redux,
          minmay_snake_closets
D:3:      layout_loops_ring, grunt_qazlal_clouds, uniq_grinder, uniq_robin,
          uniq_terence
D:4:      layout_rooms, nicolae_ashenzari_panopticon
D:5:      layout_cave_pools, kennysheep_mini_moat,
          nicolae_sif_muna_little_library, mainiacjoe_overflow_tiny_flanked,
          serial_gnoll_camp, gnoll_camp_medium_02, gnoll_camp_huts_moat,
          gnoll_camp_mini_loothouse, gnoll_camp_mini_basic, gnoll_camp_mini_hut,
          chequers_serial_rivers_micro_c, st_stairs_4, serial_bayou_pond_c,
          uniq_duvessa

Skill      XL: |  1  2  3  4  5  6  7 |
---------------+----------------------+-----
Axes           | 2 3 4 |  4.2
Armour         | 3 |  3.0
Fighting       | 4 5 6 |  6.8
Dodging        | 1 2 3 |  3.0
Evocations     | 1 |  1.3
Shields        | |  2.6

Action                   |  1- 3 |  4- 6 |  7- 9 || total
-------------------------+-------+-------+-------++-------
Melee: War axe           |    57 |   101 |    18 ||   176
  Use: Potion            |     1 |       |     2 ||     3
Armor: Scale mail        |    13 |       |       ||    13
       Chain mail        |    24 |    55 |    19 ||    98
Dodge: Dodged            |    26 |    19 |    10 ||    55
Block: Buckler           |    17 |    28 |     7 ||    52

Table legend: (Time is in decaauts)
 A = Elapsed time spent in this place.
 B = Non-inter-level travel time spent in this place.
 C = Inter-level travel time spent in this place.
 D = Time resting spent in this place.
 E = Time spent auto-exploring this place.
 F = Levels seen in this place.
 G = Mean time per level.
                   A        B        C        D        E       F      G
               +--------+--------+--------+--------+--------+-----+--------+
         Total |   4188 |   3732 |    456 |    611 |   2199 |   5 |  837.6 |
       Dungeon |   4188 |   3732 |    456 |    611 |   2199 |   5 |  837.6 |
               +--------+--------+--------+--------+--------+-----+--------+

Top non-repeatable levels by time:
     D:1: 1179 daAuts
     D:3: 1121 daAuts
     D:2: 926 daAuts
     D:4: 890 daAuts
     D:5: 70 daAuts
